 Dungeon Crawl Stone Soup version 0.22.1-1-ga44c0e56f4 (console) character file.

267 Kloppie the Ruffian (level 6, -1/57 HPs)
             Began as a Ghoul Monk on Sept 21, 2018.
             Killed by divine providence
             ... invoked by an orc priest
              (7 damage)
             ... on level 4 of the Dungeon.
             The game lasted 00:04:33 (3055 turns).

Kloppie the Ruffian (Ghoul Monk)                    Turns: 3055, Time: 00:04:34

Health: -1/57      AC:  3    Str: 17    XL:     6   Next: 21%
Magic:  5/5        EV: 12    Int:  5    God:
Gold:   171        SH:  3    Dex: 11    Spells: 5/5 levels left

rFire    . . .     SeeInvis .     - Unarmed
rCold    + . .     Gourm    .   (no shield)
rNeg     + + +     Faith    .   a - +0 robe
rPois    ∞         Spirit   .   f - +0 helmet
rElec    .         Reflect  +   (no cloak)
rCorr    .         Harm     .   (no gloves)
MR       .....                  (no boots)
Stlth    +++.......             s - +3 amulet of reflection
HPRegen  0.00/turn              t - ring of stealth
MPRegen  0.09/turn              (no ring)

@: rotting
A: rotting body, claws 1, carnivore, cold resistance 1, negative energy
resistance 3, inhibited regeneration, torment resistance, unbreathing
a: no special abilities


You were on level 4 of the Dungeon.
You were not hungry.

You visited 2 branches of the dungeon, and saw 5 of its levels.

You collected 171 gold pieces.

Inventory:

Armour
 a - a +0 robe (worn)
 f - a +0 helmet (worn)
Jewellery
 s - a +3 amulet of reflection (around neck)
 t - a ring of stealth (left claw)
Wands
 u - a wand of polymorph (13)
Scrolls
 c - 2 scrolls of remove curse {unknown}
 e - a scroll of enchant armour {unknown}
 g - a scroll of blinking {unknown}
 h - a scroll of fear {unknown}
 l - a scroll of immolation {unknown}
 r - a scroll of fog {unknown}
Potions
 j - a potion of degeneration
 k - 2 potions of flight
 m - a potion of haste
 n - a potion of curing {unknown}
 o - a potion of ambrosia {unknown}
 q - 2 potions of heal wounds {unknown}
Comestibles
 b - 8 rations


   Skills:
 + Level 5.7 Fighting
 - Level 2.6 Dodging
 - Level 2.1 Stealth
 + Level 5.7 Unarmed Combat


You had 5 spell levels left.
You didn't know any spells.
Your spell library was empty.

Dungeon Overview and Level Annotations

Branches:
Dungeon (4/15)             Temple (1/1) D:4

Altars:
Ashenzari
Dithmenos
Elyvilon
Fedhas
Gozag
Hepliaklqana
Kikubaaqudgha
Nemelex Xobeh
Trog
Uskayaw
Vehumet
Wu Jian
Zin


Innate Abilities, Weirdness & Mutations

Your body is rotting away.
You thrive on raw meat.
You are immune to poison.
You have sharp fingernails.
You are carnivorous and can eat meat at any time.
Your flesh is cold resistant. (rC+)
You are immune to negative energy. (rN+++)
You do not regenerate when monsters are visible.
You are immune to unholy pain and torment.
You can survive without breathing.


Message History

The orc priest is severely wounded.
The orc priest calls upon Beogh to heal the orc priest.
The orc priest is healed somewhat.
You barely miss the orc priest.
The orc priest is heavily wounded.
The orc priest hits you from afar with a trident.
* * * LOW HITPOINT WARNING * * *
The orc priest hits you with a dagger.
* * * LOW HITPOINT WARNING * * *
The orc priest closely misses you.
You are too injured to fight recklessly!
You are too injured to fight recklessly!
You claw the orc priest!
You kill the orc priest!
The orc priest calls down the wrath of Beogh upon you.
Beogh smites you!
* * * LOW HITPOINT WARNING * * *
The orc priest calls down the wrath of Beogh upon you.
Beogh smites you!
You die...

..#.#
#...........# ..#
#...........# ..#
#...........# ..#
#...........#
###)..........#
............#.##
.........#..#..#
........###.....#
....##..## ..##.#
.... ##..#..##
... #.@)..#
.........o......
..##.....o...##
##..._...##
.........#
............
..##.....##.. ..#
#..#..# #.


You could see 2 orc priests.

Vanquished Creatures
  2 jellies
  An orc priest (D:4)
  5 adders (D:2)
  10 oozes
  A worm (D:2)
  2 dart slugs
  2 orcs
  4 bats
  4 giant cockroaches
  8 goblins
  10 hobgoblins
  8 jackals
  16 kobolds
  4 quokkas
  A ball python (D:4)
  3 frilled lizards
  5 rats
86 creatures vanquished.

Vanquished Creatures (others)
  4 fungi (D:3)
  6 toadstools (D:3)
10 creatures vanquished.

Grand Total: 96 creatures vanquished

Notes
Turn   | Place    | Note
-------+----------+-------------------------------------------
     0 | D:1      | Kloppie the Ghoul Monk began the quest for the Orb.
     0 | D:1      | Reached XP level 1. HP: 19/19 MP: 0/0
   288 | D:1      | Reached XP level 2. HP: 22/25 MP: 1/1
   521 | D:1      | Reached XP level 3. HP: 33/33 MP: 2/2
  1018 | D:2      | Found a white marble altar of Elyvilon.
  1136 | D:2      | Found a hazy altar of Hepliaklqana.
  1182 | D:2      | Reached XP level 4. HP: 32/41 MP: 3/3
  1557 | D:2      | Found a bloodstained altar of Trog.
  1777 | D:3      | Reached XP level 5. HP: 44/47 MP: 4/4
  1861 | D:2      | Reached skill level 5 in Fighting
  1861 | D:2      | Reached skill level 5 in Unarmed Combat
  2239 | D:3      | Found a glowing silver altar of Zin.
  2733 | D:3      | Reached XP level 6. HP: 54/56 MP: 5/5
  2805 | D:4      | Found a staircase to the Ecumenical Temple.
  2814 | Temple   | Entered the Ecumenical Temple
  3044 | D:4      | Found a shadowy altar of Dithmenos.
  3055 | D:4      | Killed from afar by an orc priest

Skill      XL: |  1  2  3  4  5 |
---------------+----------------+-----
Fighting       | 4 5 |  5.7
Unarmed Combat | 4 5 |  5.7
Dodging        | |  2.6
Stealth        | |  2.1

Action                   |  1- 3 |  4- 6 || total
-------------------------+-------+-------++-------
Melee: Unarmed           |   105 |   119 ||   224
       Punch             |     1 |     2 ||     3
  Use: Scroll            |       |     4 ||     4
 Stab: Sleeping          |     8 |     3 ||    11
       Distracted        |       |     1 ||     1
  Eat: Chunk             |     4 |     5 ||     9
Armor: Robe              |    14 |    19 ||    33
Dodge: Dodged            |    60 |    63 ||   123
